 Dungeon Crawl Stone Soup version 0.23-a0-703-gdf2d5e0 (console) character file.

9 Duffy the Firebug (level 2, 19/19 HPs)
             Began as a Demonspawn Fire Elementalist on Jan 13, 2019.
             Quit the game on level 1 of the Dungeon.
             The game lasted 00:00:21 (492 turns).

Duffy the Firebug (Demonspawn Fire Elementalist)     Turns: 492, Time: 00:00:21

Health: 19/19      AC:  3    Str:  8    XL:     2   Next: 3%
Magic:  3/5        EV: 11    Int: 16    God:
Gold:   50         SH:  0    Dex: 13    Spells: 4/5 levels left

rFire    . . .     SeeInvis .   (no weapon)
rCold    . . .     Gourm    .   (no shield)
rNeg     . . .     Faith    .   b - +0 leather armour
rPois    .         Spirit   .   (no helmet)
rElec    .         Reflect  .   (no cloak)
rCorr    .         Harm     .   (no gloves)
MR       .....                  (no boots)
Stlth    ++........             (no amulet)
HPRegen  0.06/turn              (no ring)
MPRegen  0.09/turn              (no ring)

@: no status effects
A: demonic guardian 1
a: no special abilities


You were on level 1 of the Dungeon.
You were not hungry.

You visited 1 branch of the dungeon, and saw 1 of its levels.

You collected 50 gold pieces.

Inventory:

Armour
 a - a +0 robe
 b - a +0 leather armour (worn)
Scrolls
 e - a scroll of identify {unknown}
 f - a scroll of blinking {unknown}
Comestibles
 c - 2 rations
 d - 3 chunks of flesh


   Skills:
 - Level 1.7 Dodging
 - Level 1.7 Stealth
 - Level 2.0 Spellcasting
 + Level 2.1 Conjurations
 - Level 2.6 Fire Magic


You had 4 spell levels left.
You knew the following spells:

 Your Spells              Type           Power        Failure   Level  Hunger
h - Flame Tongue          Conj/Fire      #....        11%         1    #......

Your spell library contained the following spells:

 Spells                   Type           Power        Failure   Level  Hunger
 Throw Flame              Conj/Fire      #.....       17%         2    ###....
 Conjure Flame            Conj/Fire      #.......     32%         3    ###....
 Inner Flame              Hex/Fire       #.......     45%         3    ###....
 Sticky Flame             Conj/Fire      #.......     73%         4    #####..
 Fireball                 Conj/Fire      #.........   97%         5    ######.


Dungeon Overview and Level Annotations

Branches:
Dungeon (1/15)

Altars:


Innate Abilities, Weirdness & Mutations

A weak demonic guardian rushes to your aid.


Message History

You can't see any susceptible monsters within range! (Use Z to cast anyway.)
Your magical contamination has completely faded away.
You now have 36 gold pieces (gained 10).
You see here a short sword.
You now have 50 gold pieces (gained 14).
A hobgoblin comes into view. It is wielding a +0 club.
A hobgoblin is nearby!
A hobgoblin is nearby!
A hobgoblin is nearby!
Casting: Flame Tongue (safe; 12% risk of failure)
Confirm with . or Enter, or press ? or * to list all spells.
Aiming: Flame Tongue (safe; 12% risk of failure)
Press: ? - help, Shift-Dir - straight line, f - hobgoblin
Aim: a hobgoblin, wielding a +0 club The flame tongue hits the hobgoblin.
You kill the hobgoblin!
You have reached level 2!
Your demonic ancestry asserts itself...
You feel the presence of a demonic guardian.
Are you sure you want to abandon this character and quit the game? (Confirm with "yes".)

.### ##.....##
.#.## ##.......##
)...####.........#
#.....(+.........+
....####.........#
.#.## ##..)....##
.### ####.....####
.# .............#
.# .###.##+####@#
.# #. #)# .# #.
#.# .. ... . #.#
#.# #.# ..#


There were no monsters in sight!

Vanquished Creatures
  A bat (D:1)
  3 goblins (D:1)
  A hobgoblin (D:1)
  2 kobolds (D:1)
  A rat (D:1)
8 creatures vanquished.

Notes
Turn   | Place    | Note
-------+----------+-------------------------------------------
     0 | D:1      | Duffy the Demonspawn Fire Elementalist began the quest for
                  | the Orb.
     0 | D:1      | Reached XP level 1. HP: 13/13 MP: 3/3
   491 | D:1      | Gained mutation: A weak demonic guardian rushes to your
                  | aid. [demonic ancestry]
   491 | D:1      | Reached XP level 2. HP: 19/19 MP: 3/5
   492 | D:1      | Quit the game

Vault maps used:
D:1:      dpeg_arrival_tiny_a

Skill      XL: |  1 |
---------------+----+-----
Conjurations   | 2 |  2.1
Dodging        | |  1.7
Stealth        | |  1.7
Spellcasting   | |  2.0
Fire Magic     | |  2.6

Action                   || total
-------------------------++-------
Melee: Unarmed           ||    23
 Cast: Flame Tongue      ||     8
Armor: Leather armour    ||     7
Dodge: Dodged            ||    13

Table legend:
 A = Non-vault XP
 B = Vault XP
 C = Vault XP percentage of total XP
 D = Non-vault monster count
 E = Vault monster count
 F = Vault count percentage of total count
                 A         B        C        D         E       F
            +---------+---------+-------+---------+---------+-------
      Total |      13 |       0 |   0.0 |       8 |       0 |   0.0
            +---------+---------+-------+---------+---------+-------
        D:1 |      13 |       0 |   0.0 |       8 |       0 |   0.0
            +---------+---------+-------+---------+---------+-------
